 Dungeon Crawl Stone Soup version 0.26.0-90-g5fd8617961 (webtiles) character file.

Game seed: 17859739152904556025

154 kreisler the Covert (level 5, -9/34 HPs)
             Began as an Octopode Brigand on Feb 2, 2021.
             Mangled by Crazy Yiuf
             ... wielding a +2 quarterstaff of chaos
              (13 damage)
             ... on level 3 of the Dungeon.
             The game lasted 00:07:21 (2997 turns).

kreisler the Covert (Octopode Brigand)              Turns: 2997, Time: 00:07:23

Health: -9/34      AC:  0    Str: 10    XL:     5   Next: 36%
Magic:  5/5        EV: 14    Int: 13    God:
Gold:   195        SH:  0    Dex: 15    Spells: 4/4 levels left

rFire    . . .     SeeInvis .   (weapon currently unavailable)
rCold    . . .     Faith    .   (shield currently unavailable)
rNeg     . . .     Spirit   .   (helmet currently unavailable)
rPois    .         Reflect  .   (no amulet)
rElec    .         Harm     .   (ring currently unavailable)
rCorr    .         Rampage  .   (ring currently unavailable)
Will     .....                  (ring currently unavailable)
Stlth    ++++......             (ring currently unavailable)
HPRegen  0.11/turn              (ring currently unavailable)
MPRegen  0.09/turn              (ring currently unavailable)
                                (ring currently unavailable)
                                (ring currently unavailable)

@: pig-form, very quick
A: small, almost no armour, stealthy swim, (amphibious), (8 rings), (constrict
8)
a: no special abilities


You were on level 3 of the Dungeon.
You were a filthy swine.
You visited 1 branch of the dungeon, and saw 3 of its levels.

You collected 195 gold pieces.

Inventory:

Hand Weapons
 l - a +3 vampiric dagger (melded)
Missiles
 b - 8 poisoned darts (quivered)
 c - 2 curare-tipped darts
Jewellery
 i - an uncursed amulet of the acrobat {unknown}
 o - an uncursed amulet of faith {unknown}
Scrolls
 d - 3 scrolls of identify
 e - a scroll of teleportation
 g - 3 scrolls of remove curse
 h - a scroll of enchant weapon
Potions
 k - 2 potions of invisibility


   Skills:
 + Level 2.2 Fighting
 + Level 2.8 Short Blades
 + Level 2.3 Throwing
 + Level 1.2 Dodging
 + Level 8.1 Stealth


You had 4 spell levels left.
You didn't know any spells.
Your spell library was empty.

Dungeon Overview and Level Annotations

Branches:
Dungeon (3/15)

Altars:

Annotations:
D:3 Crazy Yiuf


Innate Abilities, Weirdness & Mutations

You cannot wear most types of armour.
You are very stealthy in the water. (Stealth+)
((You are amphibious.))
((You can wear up to eight rings at the same time.))
((You can use your tentacles to constrict eight enemies at once.))
((Your skin changes colour to match your surroundings (Stealth+).))
((Your rubbery body absorbs attacks. (AC +1, EV +1)))


Message History

You feel the dreadful sensation subside.
There is an open translucent door here.
Crazy Yiuf cries, "Proton!"
You hit Crazy Yiuf but do no damage.
Crazy Yiuf hits you with a +2 quarterstaff of chaos.
You are electrocuted!
You hit Crazy Yiuf.
Crazy Yiuf is lightly wounded.
Crazy Yiuf hits you with a +2 quarterstaff of chaos!
You are electrocuted!
* * * LOW HITPOINT WARNING * * *
You hit Crazy Yiuf.
Crazy Yiuf is lightly wounded.
Crazy Yiuf barely misses you.
You closely miss Crazy Yiuf.
Crazy Yiuf is lightly wounded.
You closely miss Crazy Yiuf.
Crazy Yiuf is lightly wounded.
Crazy Yiuf hits you with a +2 quarterstaff of chaos!
You die...

........# #.#
#....##.. #..##.###
#.# #.##.....
#.....# #.#
#.#####.. #..####
### ### #.. ...# #..
#..###### ♣♣♣♣♣##
#.. #.......#
#####♣♣♣.♣...### #))
#).####.#
#...#♣..♣......###..
#..# #.#
#.gh'.♣♣♣♣......###)
#..####.#### #)..#♣♣
♣♣..#..###.
...........# #####
♣♣###.##.#
#.......#### #...##
######..# #####.#
#..# #####.....[
#..# ##.#.##.....
#..##########
#.###.......
###.(.....#...#
##.#.##....#


You could see Crazy Yiuf.

Vanquished Creatures
  An orc priest (D:3)
  5 adders
  2 dart slugs
  A leopard gecko (D:1)
  9 orcs (D:3)
  2 ball pythons
  2 giant cockroaches
  10 hobgoblins
  2 jackals (D:1)
  5 kobolds
  A quokka (D:3)
  5 bats
  6 frilled lizards
  9 goblins
  5 rats
65 creatures vanquished.

Notes
Turn   | Place    | Note
-------+----------+-------------------------------------------
     0 | D:1      | kreisler the Octopode Brigand began the quest for the Orb.
     0 | D:1      | Reached XP level 1. HP: 14/14 MP: 1/1
   147 | D:1      | Reached skill level 6 in Stealth
   147 | D:1      | Reached XP level 2. HP: 14/19 MP: 2/2
   796 | D:1      | Reached XP level 3. HP: 23/24 MP: 3/3
  1389 | D:2      | Reached skill level 7 in Stealth
  1645 | D:2      | Reached XP level 4. HP: 29/29 MP: 4/4
  2405 | D:3      | Reached skill level 8 in Stealth
  2405 | D:3      | Reached XP level 5. HP: 21/34 MP: 5/5
  2925 | D:3      | Found a runed translucent door.
  2926 | D:3      | Noticed Crazy Yiuf
  2997 | D:3      | Mangled by Crazy Yiuf

Illustrated notes

Levels and vault maps discovered:
D:1:      eino_arrival_druids_welcome, layout_rooms, minmay_crystal_water,
          roderic_roman_lattice, chequers_mini_garden, hangedman_decor_points,
          fountainhead
D:2:      layout_loops_cross, minmay_pentomino_p2
D:3:      layout_loops_ring, uniq_crazy_yiuf_cottage

Skill      XL: |  1  2  3  4 |
---------------+-------------+-----
Stealth        | 6 7 8 |  8.1
Fighting       | |  2.2
Short Blades   | |  2.8
Throwing       | |  2.3
Dodging        | |  1.2

Action                   |  1- 3 |  4- 6 || total
-------------------------+-------+-------++-------
Melee: Dagger            |    62 |    50 ||   112
       Constrict         |    13 |    12 ||    25
       Tentacles         |    10 |     9 ||    19
       Unarmed           |       |     5 ||     5
Throw: Dart              |       |     8 ||     8
  Use: Scroll            |     5 |     2 ||     7
       Potion            |     3 |     5 ||     8
 Stab: Sleeping          |    11 |     9 ||    20
       Distracted        |       |     2 ||     2
Armor: Skin              |     1 |     6 ||     7
Dodge: Dodged            |    25 |    19 ||    44
